 Dungeon Crawl Stone Soup version 0.29.1-1-gd02db6906a (webtiles) character file.

Game seed: 16499531446440787808

12353 MisterFreud the Cruncher (level 12, -8/97 HPs)
             Began as a Formicid Gladiator on Sept 22, 2022.
             Was an Initiate of Yredelemnul.
             Killed from afar by Azrael (22 damage)
             ... with damnation
             ... on level 12 of the Dungeon.
             The game lasted 00:19:59 (16694 turns).

MisterFreud the Cruncher (Formicid Gladiator)      Turns: 16694, Time: 00:19:59

Health: -8/97      AC: 17    Str: 23    XL:     12   Next: 19%
Magic:  19/19      EV: 12    Int:  9    God:    Yredelemnul [......]
Gold:   850        SH:  5    Dex: 15    Spells: 11/11 levels left

rFire   . . .      SeeInvis +   a - +1 quarterstaff (protect)
rCold   . . .      Faith    +   L - +0 buckler
rNeg    + . .      Spirit   .   x - +0 steam dragon scales
rPois   .          Reflect  .   (helmet unavailable)
rElec   .          Harm     .   (no cloak)
rCorr   .          Rampage  .   H - +0 pair of gloves
Will    +....                   (no boots)
Stlth   +.........              k - amulet of faith
HPRegen 0.26/turn               m - +4 ring of slaying
MPRegen 0.16/turn               p - ring of positive energy

@: under a protective aura
A: permanent stasis, dig shafts and tunnels, antennae 3, four strong arms,
iridescent scales 1
a: Dig, Shaft Self, Renounce Religion, Recall Undead Harvest


You were on level 12 of the Dungeon.
You worshipped Yredelemnul.
Yredelemnul was aware of your devotion.
You visited 2 branches of the dungeon, and saw 13 of its levels.
You also visited: Sewer and Ossuary.

You collected 894 gold pieces.
You spent 44 gold pieces at shops.

Inventory:

Hand Weapons
 a - a +1 quarterstaff of protection (weapon)
Missiles
 c - 4 throwing nets
 d - 7 javelins
 e - 9 poisoned darts (quivered)
 h - 5 atropa-tipped darts
 C - 7 boomerangs
 E - a curare-tipped dart
Armour
 b - a +1 leather armour
 x - +0 steam dragon scales (worn)
 H - a +0 pair of gloves (worn)
 L - a +0 buckler (worn)
Jewellery
 k - an amulet of faith (around neck)
 m - a +4 ring of slaying (left hand)
 p - a ring of positive energy (right hand)
 r - a +6 ring of dexterity
 s - a +6 ring of intelligence
 A - an amulet of reflection
 D - a +4 ring of protection
 G - a ring of flight
 I - a ring of protection from cold
Wands
 l - a wand of polymorph (11)
 y - a wand of mindburst (10)
 B - a wand of quicksilver (6)
 K - a wand of iceblast (6)
Scrolls
 g - 2 scrolls of fear
 j - 5 scrolls of identify
 q - 2 scrolls of amnesia
 t - a scroll of enchant armour
 u - a scroll of vulnerability
 F - a scroll of enchant weapon
Potions
 f - 4 potions of attraction
 i - 13 potions of curing
 n - 4 potions of cancellation
 o - a potion of mutation
 v - 2 potions of brilliance
 w - 2 potions of heal wounds
 z - a potion of resistance
 M - a potion of ambrosia
 N - a potion of flight
 O - a potion of magic
Miscellaneous
 J - a box of beasts


   Skills:
 - Level 10.0 Fighting
 - Level 10.0 Staves
 - Level 2.1 Throwing
 - Level 10.0 Armour
 - Level 2.8 Dodging
 - Level 4.0 Shields
 + Level 9.9 Invocations
 - Level 5.0 Evocations


You had 11 spell levels left.
You didn't know any spells.
Your spell library contained the following spells:

 Spells                   Type           Power      Damage    Failure   Level
 Freeze                   Ice            0%         1d3       45%         1
 Sublimation of Blood     Necr           0%         N/A       58%         2
 Confusing Touch          Hex            0%         N/A       83%         3
 Dazzling Flash           Conj/Hex       0%         N/A       83%         3
 Frozen Ramparts          Ice            0%         1d1       83%         3
 Portal Projectile        Hex/Tloc       0%         N/A       83%         3
 Tukima's Dance           Hex            0%         N/A       83%         3
 Hailstorm                Conj/Ice       0%         3d3       99%         4
 Petrify                  Tmut/Erth      0%         N/A       99%         4
 Agony                    Necr           0%         N/A       100%        5
 Blade Hands              Tmut           0%         N/A       100%        5
 Irradiate                Conj/Tmut      0%         3d11      100%        5
 Silence                  Hex/Air        0%         N/A       100%        5
 Yara's Violent Unravell  Hex/Tmut       0%         3d3       100%        5
 Dispersal                Tloc           0%         N/A       100%        6
 Enfeeble                 Hex            0%         N/A       100%        7
 Disjunction              Tloc           0%         N/A       100%        8


Dungeon Overview and Level Annotations

Branches:
Dungeon (12/15)            Temple (1/1) D:6            Lair (0/5) D:11
    Orc (0/2) D:10          Sewer (visited)         Ossuary (visited)

Altars:
Ashenzari
Cheibriados
Dithmenos
Elyvilon
Fedhas
Gozag
Hepliaklqana
Kikubaaqudgha
Makhleb
Okawaru
Qazlal
Ru
Sif Muna
Trog
Uskayaw
Vehumet
Wu Jian
Xom
Yredelemnul
The Shining One

Shops:
D:3 *

Annotations:
D:3 Edmund
D:4 Eustachio
D:6 3 runed translucent doors, Aryth's ghost, novice TrGl
D:12 Azrael
Temple 2 transporters


Innate Abilities, Weirdness & Mutations

You cannot be hasted, slowed, berserked, paralysed or teleported.
You can dig through walls and to a lower floor.
You have a pair of large antennae on your head. (SInv)
Your four strong arms can wield two-handed weapons with a shield.
You are partially covered in iridescent scales. (AC +2)


Message History

Your troll zombie claws the fire elemental.
The fire elemental hits you. The fire elemental burns you!
* * * LOW HITPOINT WARNING * * *
As you read the scroll of fear, it crumbles to dust.
You assume a fearsome visage.
Azrael looks frightened!
The fire elemental is unaffected.
The hell hound looks frightened!
The centaur warrior looks frightened!
The centaur looks frightened!
The fire elemental hits you. The fire elemental burns you!
* * * LOW HITPOINT WARNING * * *
Your troll zombie bites the fire elemental but does no damage.
Your troll zombie closely misses the fire elemental.
Your troll zombie claws the fire elemental.
Unknown command.
Unknown command.
You hit the fire elemental.
The fire elemental is almost destroyed.
The fire elemental barely misses you.
You sock the fire elemental!
You destroy the fire elemental!
The hell hound bites your troll zombie. Something hits your troll zombie.
Something burns your troll zombie!
A centaur comes into view.
The centaur shouts!
The hell hound bites your troll zombie!
Your troll zombie bites the hell hound but does no damage.
Your troll zombie claws the hell hound but does no damage. x2
The fire elemental hits your troll zombie.
The fire elemental burns your troll zombie!
A centaur comes into view.
The centaur shouts!
The hell hound bites your troll zombie.
The fire elemental hits your troll zombie.
The fire elemental burns your troll zombie!
The hell hound bites your troll zombie!
Your troll zombie is destroyed!
The centaur moves out of view.
Azrael gestures at you.
The sphere of damnation explodes!
The damnation engulfs you!!
You die...
Your body rises from the dead as a mindless zombie.

....c○. # .....°. ##
.....h. ....# #.
.....h.#####...# #.
...R..○#...#...# #.
..☼..c○#...#...### #+ ##
.☼○°cchE...#.....######.###
......{#...#.....+.......##
.......#..@#.....#.........
.c.....#...'.....#.........
..h....#####.....#+##....##
..c.... ............#....##
....................#....##
....................#....#.
#.............#....#.
{#.............'....#.
########......###'###


You could see Azrael, a fire elemental, a hell hound and 2 centaurs.

Vanquished Creatures
  A hydra (D:11)
  Erolcha (D:10)
  2 two-headed ogres (D:9)
  3 cyclopes
  A manticore (D:10)
  Maggie (D:8)
  A komodo dragon (D:12)
  4 trolls
  2 wraiths (D:11)
  A fire elemental (D:12)
  7 yaks
  A steam dragon (D:6)
  2 wargs
  An acid dragon (D:9)
  A water moccasin (D:7)
  4 orc warriors
  A black bear (D:7)
  2 sky beasts (D:8)
  3 ogres
  2 ice beasts
  A phantom (D:6)
  A kobold brigand (D:8)
  4 bullfrogs
  3 necrophages
  11 wights
  11 killer bees
  7 howler monkeys
  3 hounds
  2 jellies
  3 orc priests
  2 gnoll boudas
  5 iguanas
  5 orc wizards
  9 mummies
  8 gnolls
  4 adders
  2 shadow imps
  An ufetubus (D:4)
  4 worms
  A dart slug (D:1)
  22 orcs
  5 bats
  7 endoplasms
  3 giant cockroaches
  A gnoll zombie (Ossuary)
  8 goblins
  5 hobgoblins
  6 jackals
  4 quokkas
  3 ball pythons
  A frilled lizard (D:3)
  2 hobgoblin zombies (Ossuary)
  8 kobolds
  5 orc zombies (Ossuary)
  2 rats
210 creatures vanquished.

Vanquished Creatures (collateral kills)
  A troll (D:10)
  3 yaks (D:11)
  A warg (D:10)
  A sky beast (D:7)
  2 wights (D:10)
  2 killer bees (D:10)
  3 howler monkeys (D:10)
  An orc priest (D:7)
  An orc wizard (D:9)
  4 orcs
  A kobold (D:8)
20 creatures vanquished.

Vanquished Creatures (others)
  A komodo dragon zombie (D:12)
  3 cyclops zombies
  2 troll zombies
  A bullfrog zombie (D:8)
  4 killer bee zombies
  2 howler monkey zombies
  8 orc zombies
21 creatures vanquished.

Grand Total: 251 creatures vanquished

Notes
Turn   | Place    | Note
-------+----------+-------------------------------------------
     0 | D:1      | MisterFreud the Formicid Gladiator began the quest for the
                  | Orb.
     0 | D:1      | Reached XP level 1. HP: 16/16 MP: 1/1
   176 | D:1      | Reached XP level 2. HP: 18/23 MP: 2/2
   993 | D:2      | Reached XP level 3. HP: 21/28 MP: 3/3
  1747 | D:2      | Reached XP level 4. HP: 34/34 MP: 4/4
  1929 | D:2      | Found a faded altar of an unknown god.
  2109 | D:3      | Found an iron altar of Okawaru.
  2185 | D:3      | Found Winodgh's Assorted Antiques.
  2190 | D:3      | Bought a scroll labelled CYPTEAS JOJAU for 16 gold pieces
  2190 | D:3      | Bought a dark potion for 14 gold pieces
  2190 | D:3      | Bought a clear potion for 14 gold pieces
  2540 | D:3      | Found a glowing drain.
  2549 | Sewer    | Entered a sewer
  2578 | Sewer    | Noticed Pargi
  2589 | Sewer    | Gained mutation: You are partially covered in iridescent
                  | scales. (AC +2) [potion of mutation]
  2806 | D:4      | Reached skill level 5 in Staves
  2806 | D:4      | Reached XP level 5. HP: 31/39 MP: 5/5
  3050 | D:4      | Noticed Edmund
  3508 | D:4      | Reached XP level 6. HP: 12/45 MP: 6/6
  4415 | D:4      | Reached XP level 7. HP: 8/51 MP: 7/7
  4807 | D:4      | Noticed Eustachio
  4821 | D:5      | Entered Level 5 of the Dungeon
  5259 | D:5      | Found a glowing golden altar of the Shining One.
  6352 | D:5      | Reached XP level 8. HP: 47/57 MP: 8/8
  6427 | D:6      | Reached skill level 1 in Armour
  6681 | D:6      | Found a runed translucent gate.
  6681 | D:6      | Found a runed translucent gate.
  6681 | D:6      | Found a runed translucent gate.
  6684 | D:6      | Noticed Aryth's ghost (novice TrGl)
  7559 | D:6      | Reached XP level 9. HP: 30/66 MP: 9/9
  7886 | D:6      | Found a broken altar of Ashenzari.
  7890 | D:6      | Found a sacrificial altar of Ru.
  7895 | D:6      | Found a white marble altar of Elyvilon.
  7895 | D:6      | Found a hide-covered altar of Uskayaw.
  7896 | D:6      | Found a stormy altar of Qazlal.
  7989 | D:6      | Found a staircase to the Ecumenical Temple.
  8159 | Temple   | Entered the Ecumenical Temple
  8159 | Temple   | Found a transporter.
  8159 | Temple   | Found a transporter.
  8161 | Temple   | Found a transporter.
  8161 | Temple   | Found a transporter.
  8172 | Temple   | Became a worshipper of Yredelemnul the Dark
  8309 | D:7      | Reached skill level 5 in Fighting
  8316 | D:7      | Reached * piety under Yredelemnul
  8345 | D:7      | Reached skill level 10 in Staves
  8376 | D:7      | Reached skill level 5 in Armour
  8376 | D:7      | Reached skill level 1 in Invocations
  8641 | D:7      | Found a sand-covered staircase.
  8650 | Ossuary  | Entered an ossuary
  9071 | D:7      | Found a burning altar of Makhleb.
  9071 | D:7      | Noticed a green death
  9555 | D:8      | Reached skill level 5 in Invocations
  9560 | D:8      | Noticed Maggie
  9570 | D:8      | Killed Maggie
  9644 | D:8      | Reached XP level 10. HP: 59/77 MP: 13/13
  9849 | D:8      | Reached ** piety under Yredelemnul
 10456 | D:8      | Reached *** piety under Yredelemnul
 10631 | D:9      | Noticed a cyclops
 10643 | D:9      | Killed a cyclops
 11411 | D:9      | Reached skill level 10 in Fighting
 11691 | D:9      | Noticed a two-headed ogre
 11701 | D:9      | HP: 1/85 [two-headed ogre/+0 giant club (29)]
 11702 | D:9      | Killed a two-headed ogre
 12126 | D:9      | Noticed a two-headed ogre
 12130 | D:9      | Killed a two-headed ogre
 12131 | D:9      | Reached XP level 11. HP: 57/90 MP: 14/14
 12368 | D:9      | Reached **** piety under Yredelemnul
 12381 | D:9      | Reached ***** piety under Yredelemnul
 12654 | D:9      | Found an ornate altar of the Wu Jian Council.
 12684 | D:9      | Found a shimmering altar of Xom.
 12766 | D:10     | Entered Level 10 of the Dungeon
 12897 | D:10     | Reached skill level 5 in Evocations
 13273 | D:10     | Found a shadowy altar of Dithmenos.
 13282 | D:10     | Noticed Erolcha
 13296 | D:10     | Killed Erolcha
 13546 | D:10     | Found a staircase to the Orcish Mines.
 13961 | D:10     | Noticed a manticore
 13973 | D:10     | Killed a manticore
 13974 | D:10     | Reached skill level 10 in Armour
 14738 | D:11     | Reached skill level 1 in Shields
 15150 | D:11     | Noticed a cyclops
 15159 | D:11     | Killed a cyclops
 15391 | D:11     | Noticed a cyclops
 15401 | D:11     | Killed a cyclops
 15565 | D:11     | Found a staircase to the Lair.
 15565 | D:11     | Noticed a five-headed hydra
 15592 | D:11     | Killed a five-headed hydra
 15593 | D:11     | Reached XP level 12. HP: 33/97 MP: 18/18
 16682 | D:12     | Noticed Azrael
 16683 | D:12     | Noticed a centaur warrior
 16694 | D:12     | Killed from afar by Azrael

Illustrated notes

Levels and vault maps discovered:
D:1:      lordsloth_arrival_two_stooges, layout_basic, minmay_misc_feat_hallway,
          moated_statue
D:2:      layout_loops_corners, hellmonk_ecumenical_altar_zigzags
D:3:      layout_basic, okawaru_trees_2, serial_shops, shop_statue,
          cheibrodos_sewer_entry_bend
D:4:      layout_gridville, kennysheep_generic_room_6, uniq_edmund,
          uniq_eustachio
D:5:      layout_layer_cave, mainiacjoe_overflow_catwalk
D:6:      layout_basic, grunt_temple_overflow_open, minmay_temple_entry_fiery,
          biasface_ghost_orc_armoury, serial_bayou_pond_d, minmay_fountain_box,
          minmay_circle_x
D:7:      layout_gridville, makhleb_altar_promises_db, gup_ossuary_entry_pyramid
D:8:      layout_gridville, uniq_maggie
D:9:      layout_roguey, kennysheep_little_box, kennysheep_mini_moat
D:10:     layout_cave_pods, nicolae_dithmenos_shadow_blocks, david_orc_3,
          chequers_serial_rivers_room_a, uniq_erolcha
D:11:     layout_loops_corners, erik_lair_orcish_takeover,
          gauntlet_entry_generic
D:12:     layout_gridville, nicolae_yredelemnul_ghost_church, uniq_azrael,
          uniq_psyche, uniq_maurice
Temple:   hellmonk_temple_divided_pantheon

Skill      XL: |  1  2  3  4  5  6  7  8  9 10 11 12 |
---------------+-------------------------------------+-----
Staves         | 4 5 6 7 8 9 10 | 10.0
Armour         | 3 5 7 10 | 10.0
Fighting       | 4 6 10 | 10.0
Invocations    | 5 8 9 |  9.9
Evocations     | 3 5 |  5.0
Shields        | 4 |  4.0
Throwing       | |  2.1
Dodging        | |  2.8

Action                   |  1- 3 |  4- 6 |  7- 9 | 10-12 || total
-------------------------+-------+-------+-------+-------++-------
Melee: Quarterstaff      |    77 |   166 |   255 |   329 ||   827
       Punch             |     1 |     1 |     2 |     4 ||     8
Throw: Dart              |       |       |     6 |     1 ||     7
 Abil: Dig               |       |     2 |     1 |     1 ||     4
Evoke: Wand              |       |       |       |     2 ||     2
  Use: Potion            |       |    11 |     1 |     1 ||    13
       Scroll            |       |     8 |     9 |     3 ||    20
 Stab: Sleeping          |     2 |     1 |     1 |       ||     4
       Distracted        |       |       |     1 |     3 ||     4
Armor: Leather armour    |    13 |    50 |    44 |       ||   107
       Skin              |       |     1 |       |       ||     1
       Steam dragon scal |       |       |     3 |   131 ||   134
Dodge: Dodged            |    34 |   142 |   113 |   220 ||   509
Block: Buckler           |       |       |       |    31 ||    31
